 Dungeon Crawl Stone Soup version 0.23.0 (webtiles) character file.

Game seed: 5974279797982164522

3038 dvd the Chopper (level 9, 0/130 HPs)
             Began as a Troll Fighter on Feb 14, 2019.
             Slain by a yak (2 damage)
             ... while petrified by a basilisk
             ... on level 8 of the Dungeon on Feb 15, 2019.
             The game lasted 00:18:30 (5737 turns).

dvd the Chopper (Troll Fighter)                     Turns: 5737, Time: 00:18:30

Health: 0/130      AC: 12    Str: 32    XL:     9   Next: 56%
Magic:  8/8        EV:  1    Int:  4    God:
Gold:   126        SH:  0    Dex: 11    Spells: 8/8 levels left

rFire    . . .     SeeInvis .   a - +0 war axe (flame)
rCold    . . .     Gourm    +   c - +0 shield
rNeg     + + +     Faith    .   I - +3 robe of Clouds {+Thunder rCloud rElec}
rPois    ∞         Spirit   .   C - +2 hat
rElec    +         Reflect  .   v - +0 cloak
rCorr    .         Harm     .   (gloves unavailable)
MR       +....                  (boots unavailable)
Stlth    ..........             y - amulet of rage
HPRegen  0.71/turn              i - ring of protection from magic
MPRegen  0.11/turn              D - ring of poison resistance

@: berserking (expiring), petrified
A: large, unfitting armour, claws 3, fast metabolism 3, gourmand, regeneration
1, shaggy fur 1, tough skin 3
a: Evoke Thunderclouds, Evoke Berserk Rage


You were on level 8 of the Dungeon.
You were full.

You visited 1 branch of the dungeon, and saw 8 of its levels.

You collected 452 gold pieces.
You spent 326 gold pieces at shops.

Inventory:

Hand Weapons
 a - a +0 war axe of flaming (weapon)
 b - a +1 flail of protection
Missiles
 e - a steel tomahawk (quivered)
 q - 3 tomahawks
Armour
 c - a +0 shield (worn)
 v - a +0 cloak (worn)
 C - a +2 hat (worn)
 G - a +2 robe of cold resistance
 I - the +3 robe of Clouds (worn) {+Thunder rCloud rElec}
   (You bought it in a shop on level 6 of the Dungeon)

   It insulates you from electricity.
Jewellery
 g - an uncursed ring of fire
 h - a +3 ring of dexterity
 i - a ring of protection from magic (left claw)
 y - an amulet of rage (around neck)
 D - a ring of poison resistance (right claw)
Wands
 k - a wand of flame (28)
 w - a wand of iceblast (16)
Scrolls
 l - a scroll of magic mapping
 m - a scroll of fog
 n - a scroll of amnesia
 p - a scroll of enchant armour
 r - a scroll of blinking
 s - 5 scrolls of identify
 u - a scroll of remove curse
Potions
 d - a potion of might
 j - 4 potions of curing {unknown}
 o - a potion of brilliance {unknown}
 t - 5 potions of agility {unknown}
 x - a potion of lignification {unknown}
 A - 3 potions of heal wounds {unknown}
 B - a potion of cancellation {unknown}
 E - 2 potions of magic {unknown}
Comestibles
 f - 17 rations


   Skills:
 + Level 4.8 Fighting
 + Level 6.5(6.9) Axes
 + Level 3.5(5.8) Maces & Flails
 + Level 0.8 Throwing
 + Level 5.5 Dodging
 + Level 1.6 Stealth
 + Level 5.1 Shields
 + Level 0.7 Evocations


You had 8 spell levels left.
You didn't know any spells.
Your spell library contained the following spells:

 Spells                   Type           Power        Failure   Level  Hunger
 Confusing Touch          Hex            #.....       78%         1    ##.....
 Corona                   Hex            #......      78%         1    ##.....
 Ensorcelled Hibernation  Hex/Ice        #.....       89%         2    ###....
 Confuse                  Hex            #.......     98%         3    ####...
 Dazzling Spray           Conj/Hex       #.....       98%         3    ####...
 Gell's Gravitas          Tloc           #.........   98%         3    ####...
 Tukima's Dance           Hex            #.......     98%         3    ####...
 Petrify                  Tmut/Erth      #.......     100%        4    #####..
 Metabolic Englaciation   Hex/Ice        #.........   100%        5    ######.
 Yara's Violent Unravell  Hex/Tmut       #.........   100%        5    ######.


Dungeon Overview and Level Annotations

Branches:
Dungeon (8/15)             Temple (0/1) D:7
   Lair: D:8-11

Altars:
Fedhas
Gozag
Hepliaklqana
Makhleb
Okawaru
Ru
Sif Muna
Vehumet
Wu Jian
Xom
The Shining One

Shops:
D:6 [   D:7 (


Innate Abilities, Weirdness & Mutations

You are too large for most types of armour.
You have claws for hands.
Your metabolism is lightning-fast.
You like to eat raw meat.
Your natural rate of healing is unusually fast.
You are covered in fur. (AC +1)
You have extremely tough skin. (AC +3)


Message History

The porcupine bites you.
* * * LOW HITPOINT WARNING * * *
The porcupine bites you!
* * * LOW HITPOINT WARNING * * *
The orc warrior hits you with a +0 flail!
* * * LOW HITPOINT WARNING * * *
The yak gores you.
* * * LOW HITPOINT WARNING * * *
The porcupine bites you but does no damage.
The basilisk gazes at you. You resist with almost no effort.
The porcupine bites you but does no damage.
The porcupine bites you!
* * * LOW HITPOINT WARNING * * *
The porcupine bites you.
* * * LOW HITPOINT WARNING * * *
The orc warrior hits you with a +0 flail!
* * * LOW HITPOINT WARNING * * *
The yak gores you.
You die...

.....#####..#####.#.######
..........................
.....######..####.#.##.#.#
....................# # #
....................# #
....................#
...............##+#.#
$.###.....l....## .#
#...r@orY...# ..
#...YrrYl.#.#
#....oYr..#.P
#............
#########.... .... ... ..


You could see 4 yaks, 2 basilisks, an orc warrior, 5 porcupines and an orc
priest.

Vanquished Creatures
  Sigmund (D:6)
  A wyvern (D:7)
  Eustachio (D:4)
  A hungry ghost (D:7)
  Menkaure (D:4)
  2 orc warriors (D:6)
  4 sky beasts
  An ice beast (D:6)
  3 ogres
  A centaur (D:7)
  2 bullfrogs
  A gnoll sergeant (D:7)
  3 scorpions
  2 howler monkeys
  2 crimson imps (D:7)
  2 bullfrog zombies
  A centaur zombie (D:5)
  2 hounds (D:5)
  Crazy Yiuf (D:2)
  2 jellies
  An orc priest (D:5)
  A bullfrog skeleton (D:4)
  5 orc wizards
  2 iguanas (D:6)
  4 worker ants
  A killer bee zombie (D:5)
  A hound zombie (D:5)
  A hound skeleton (D:6)
  4 adders
  5 gnolls (D:7)
  A shadow imp (D:5)
  An ooze (D:5)
  An adder zombie (D:7)
  2 worms
  5 dart slugs
  4 leopard geckos
  21 orcs
  7 giant cockroaches
  9 goblins
  6 hobgoblins
  17 jackals
  6 quokkas
  4 ball pythons
  8 bats
  4 frilled lizards
  4 kobolds
  A leopard gecko skeleton (D:6)
  7 rats
  A fungus (D:2)
168 creatures vanquished.

Notes
Turn   | Place    | Note
-------+----------+-------------------------------------------
     0 | D:1      | dvd the Troll Fighter began the quest for the Orb.
     0 | D:1      | Reached XP level 1. HP: 22/22 MP: 0/0
    98 | D:1      | Reached XP level 2. HP: 29/29 MP: 1/1
   347 | D:1      | Reached XP level 3. HP: 36/36 MP: 2/2
   698 | D:2      | Reached XP level 4. HP: 41/44 MP: 3/3
   791 | D:2      | Found a radiant altar of Vehumet.
   824 | D:2      | Found an opulent altar of Gozag.
  1081 | D:2      | Found a runed translucent door.
  1082 | D:2      | Noticed Crazy Yiuf
  1088 | D:2      | Killed Crazy Yiuf
  1687 | D:4      | Noticed Eustachio
  1699 | D:3      | Reached XP level 5. HP: 27/53 MP: 4/4
  1813 | D:4      | Killed Eustachio
  1813 | D:4      | Reached skill level 1 in Axes
  1813 | D:4      | Reached XP level 6. HP: 54/61 MP: 5/5
  1855 | D:4      | Reached skill level 2 in Axes
  2105 | D:4      | Noticed Menkaure
  2123 | D:4      | Killed Menkaure
  2579 | D:4      | Reached XP level 7. HP: 67/67 MP: 6/6
  2758 | D:5      | Entered Level 5 of the Dungeon
  2856 | D:5      | Reached skill level 3 in Axes
  2947 | D:5      | Reached skill level 1 in Stealth
  3448 | D:5      | Reached skill level 4 in Axes
  3505 | D:5      | Found an ornate altar of the Wu Jian Council.
  3609 | D:5      | Reached XP level 8. HP: 78/78 MP: 7/7
  3920 | D:6      | Reached skill level 5 in Axes
  3926 | D:6      | Noticed Sigmund
  3942 | D:6      | Killed Sigmund
  4139 | D:6      | Found Ceecowko's Armour Boutique.
  4144 | D:6      | Bought the +3 robe of Clouds {+Thunder rCloud rElec} for
                  | 326 gold pieces
  4144 | D:6      | Found the +3 robe of Clouds {+Thunder rCloud rElec}
  4191 | D:6      | Reached XP level 9. HP: 84/84 MP: 8/8
  4497 | D:7      | Reached skill level 5 in Dodging
  4536 | D:7      | Found a blossoming altar of Fedhas.
  4600 | D:7      | Found Alintock's Weapon Shoppe.
  4612 | D:7      | Reached skill level 6 in Axes
  4731 | D:7      | Found a hazy altar of Hepliaklqana.
  4739 | D:7      | Found a deep blue altar of Sif Muna.
  4743 | D:7      | Found a staircase to the Ecumenical Temple.
  5286 | D:7      | Found a burning altar of Makhleb.
  5306 | D:7      | Reached skill level 5 in Shields
  5473 | D:7      | Found a shimmering altar of Xom.
  5478 | D:7      | Found a glowing golden altar of the Shining One.
  5480 | D:7      | Found an iron altar of Okawaru.
  5483 | D:7      | Found a sacrificial altar of Ru.
  5737 | D:8      | HP: 2/130 [orc warrior/+0 flail (5)]
  5737 | D:8      | Slain by a yak

Skill      XL: |  1  2  3  4  5  6  7  8  9 |
---------------+----------------------------+-----
Maces & Flails | 2 3 |  3.5
Shields        | 3 4 5 |  5.1
Fighting       | 3 4 |  4.8
Dodging        | 3 4 5 |  5.5
Axes           | 1 2 4 5 6 |  6.5
Stealth        | 1 |  1.6
Throwing       | |  0.8
Evocations     | |  0.7

Action                   |  1- 3 |  4- 6 |  7- 9 || total
-------------------------+-------+-------+-------++-------
Melee: Flail             |   151 |     5 |    71 ||   227
       War axe           |       |   149 |   258 ||   407
Throw: Tomahawk          |     2 |       |    10 ||    12
 Abil: Evoke Berserk Rag |       |     1 |     4 ||     5
  Use: Potion            |       |     1 |       ||     1
       Scroll            |       |       |    12 ||    12
 Stab: Sleeping          |       |     5 |     2 ||     7
  Eat: Chunk             |    13 |    17 |    40 ||    70
       Ration            |       |       |     1 ||     1
Armor: Robe              |    61 |    40 |   130 ||   231
Dodge: Dodged            |    70 |    48 |   107 ||   225
Block: Shield            |   107 |    67 |   160 ||   334
